AoeStats
← deibergu17

Oasis

509598133Analyzed
4v4 RM · 5d ago on Sep 27, 2026· 49m 20s· 8 players
Game mode
Random Map
Map size
Large (8 player)
Population
200
Speed
Normal
Resources
Standard
Victory
Conquest
Starting age
Dark Age
Ending age
Imperial Age
RankedLock teamsTeams togetherTeam positionsShared explorationLock speedFull tech treeHidden civsTurbo modeCheats
Victory
Defeat
🇦🇺 Ethiopians · Australia
991
+15
🇨🇳 Franks · China
985
+16
🇨🇳 Burgundians · China
975
+16
🇨🇳 Magyars · China
964
+16
🇹🇷 Turks · Türkiye
1030
-17
🇵🇱 Mongols · Poland
972
-16
🇪🇸 Lithuanians · Spain
967
-16
🇫🇷 Celts · France
937
-14
odoaker2
9:48 Feudal Age
10:38 Double-Bit Axe
16:29 Castle Age
14:23 Horse Collar
16:48 Loom
19:23 Bow Saw
25:17 Fletching
25:28 Padded Archer Armor
27:43 Heavy Plow
27:41 Bodkin Arrow
27:55 Gold Mining
31:27 Thumb Ring
35:06 Imperial Age
34:52 Padded Archer Armor
36:09 Wheelbarrow
35:19 Town Watch
39:24 Conscription
39:40 Hoardings
39:27 Stone Mining
40:16 Gold Shaft Mining
39:58 Leather Archer Armor
41:23 Husbandry
41:33 Bloodlines
40:43 Light Cavalry
43:44 Parthian Tactics
42:42 Elite Skirmisher
43:38 Forging
43:34 Scale Barding Armor
44:33 Ballistics
45:14 Chemistry
44:25 Masonry
44:26 Fortified Wall
44:11 Murder Holes
45:25 Elite Mangudai
46:02 Onager
deibergu17
8:12 Loom
9:58 Feudal Age
16:03 Castle Age
14:37 Double-Bit Axe
14:36 Horse Collar
19:14 Bloodlines
24:39 Scale Barding Armor
34:32 Chain Barding Armor
38:35 Gold Mining
38:48 Heavy Plow
45:25 Imperial Age
45:30 Wheelbarrow
45:26 Cavalier
Skibidi Bop
7:54 Loom
10:06 Feudal Age
Graund
10:59 Feudal Age
15:14 Castle Age
14:01 Double-Bit Axe
14:23 Horse Collar
16:13 Gold Mining
16:48 Scale Barding Armor
18:25 Chain Barding Armor
18:54 Husbandry
27:42 Bloodlines
把人生埋在四季
11:31 Feudal Age
16:01 Castle Age
14:48 Double-Bit Axe
14:46 Horse Collar
20:38 Bow Saw
24:42 Wheelbarrow
31:25 Imperial Age
31:07 Bloodlines
35:25 Imperial Age
33:20 Thumb Ring
41:44 Two-Man Saw
42:53 Heavy Plow
43:45 Conscription
44:21 Hand Cart
48:31 Corvinian Army
49:10 Crop Rotation
DisWhey
7:38 Loom
10:17 Feudal Age
10:55 Double-Bit Axe
10:52 Horse Collar
12:51 Fletching
28:06 Castle Age
28:14 Crossbowman
28:57 Bodkin Arrow
31:58 Padded Archer Armor
32:48 Bow Saw
32:57 Caravan
36:07 Wheelbarrow
35:42 Heavy Plow
38:43 Gold Mining
40:04 Hand Cart
41:37 Ballistics
42:00 Gold Shaft Mining
41:16 Stone Mining
42:00 Thumb Ring
43:57 Stone Shaft Mining
43:39 Town Watch
47:49 Imperial Age
46:17 Leather Archer Armor
46:08 Murder Holes
47:41 Town Patrol
47:52 Arbalester
48:34 Bracer
49:05 Ring Archer Armor
49:39 Chemistry
48:45 Siege Engineers
49:12 Conscription
中国人万岁
8:40 Double-Bit Axe
10:10 Wheelbarrow
12:03 Feudal Age
11:37 Horse Collar
13:02 Heavy Plow
13:17 Bow Saw
14:25 Gold Mining
20:25 Castle Age
22:33 Two-Man Saw
22:06 Crop Rotation
23:20 Loom
23:40 Stone Mining
26:31 Masonry
30:00 Imperial Age
31:05 Imperial Age
31:28 Imperial Age
29:17 Treadmill Crane
29:57 Forging
29:52 Scale Barding Armor
29:38 Fletching
29:41 Town Watch
30:12 Hand Cart
31:28 Iron Casting
31:24 Ballistics
31:01 Murder Holes
33:08 Chain Barding Armor
33:36 Conscription
37:17 Blast Furnace
36:53 Plate Barding Armor
37:32 Architecture
38:05 Chemistry
37:34 Elite Coustillier
40:12 Burgundian Vineyards
42:29 Bodkin Arrow
42:58 Husbandry
44:07 Bracer
45:59 Town Patrol
沙正街小霸王
2:46 Loom
12:34 Feudal Age
13:50 Double-Bit Axe
16:47 Forging
16:31 Town Watch
19:22 Gold Mining
19:58 Scale Barding Armor
23:00 Castle Age
21:47 Stone Mining
24:51 Husbandry
26:19 Gold Shaft Mining
26:00 Bow Saw
26:55 Iron Casting
29:35 Fervor
30:58 Chain Barding Armor
38:21 Imperial Age
36:28 Wheelbarrow
38:26 Cavalier
39:36 Chivalry
41:41 Hand Cart
43:09 Plate Barding Armor
43:34 Blast Furnace
43:28 Paladin
44:21 Caravan
44:17 Fletching
46:52 Herbal Medicine
48:06 Conscription
Connection lost

Rejoining the realm…

Still unreachable

The connection could not be restored.

Session expired

The server has moved on; the page needs a fresh start.